 Dungeon Crawl Stone Soup version 0.26-a0-651-gb41185065b (webtiles) character file.

Game seed: 16223523198842533596

3604 Flugslaktarn the Cleaver (level 9, 0/87 HPs)
             Began as a Deep Dwarf Fighter on Oct 6, 2020.
             Was a Believer of Makhleb.
             Slain by an orc warrior
             ... wielding a +0 glaive
              (32 damage)
             ... in a bailey.
             The game lasted 00:03:14 (4119 turns).

Flugslaktarn the Cleaver (Deep Dwarf Fighter)       Turns: 4119, Time: 00:03:14

Health: 0/87       AC: 14    Str: 24    XL:     9   Next: 86%
Magic:  9/9        EV:  6    Int:  8    God:    Makhleb [**....]
Gold:   225        SH: 11    Dex: 12    Spells: 8/8 levels left

rFire    + . .     SeeInvis .   a - +0 war axe
rCold    . . .     Faith    .   c - +0 kite shield
rNeg     . . .     Spirit   .   m - +2 chain mail {rF+}
rPois    +         Reflect  .   (no helmet)
rElec    .         Harm     .   (no cloak)
rCorr    .         Rampage  .   w - +1 pair of gloves
MR       +....                  (no boots)
Stlth    ..........             (no amulet)
HPRegen  0.00/turn              o - ring of poison resistance
MPRegen  0.11/turn              (no ring)

@: non-regenerating
A: damage resistance, heal wounds, sense surroundings 2, no regeneration
a: Heal Wounds, Minor Destruction, Renounce Religion


You were in a bailey.
You worshipped Makhleb.
Makhleb was pleased with you.
You visited 2 branches of the dungeon, and saw 9 of its levels.
You also visited: Bailey.

You collected 225 gold pieces.

Inventory:

Hand Weapons
 a - a +0 war axe (weapon)
Armour
 b - a +0 scale mail
 c - a +0 kite shield (worn)
 m - a +2 chain mail of fire resistance (worn)
   (You took it off an orc on level 4 of the Dungeon)
 q - a +0 plate armour
   (You found it on level 5 of the Dungeon)
 w - a +1 pair of gloves (worn)
   (You found it on level 6 of the Dungeon)
Jewellery
 o - a ring of poison resistance (left hand)
   (You found it on level 6 of the Dungeon)
Scrolls
 e - 3 scrolls of fog
 h - a scroll of blinking {unknown}
 i - 2 scrolls of immolation
 k - a scroll of fear
 n - 2 scrolls of amnesia {unknown}
 t - a scroll of teleportation
 x - 4 scrolls of remove curse
Potions
 d - 3 potions of might
 f - a potion of invisibility {unknown}
 g - a potion of mutation
 j - 2 potions of cancellation {unknown}
 l - 2 potions of brilliance {unknown}
 p - a potion of ambrosia {unknown}
 r - 3 potions of curing {unknown}
 s - a potion of degeneration {unknown}
 u - 2 potions of berserk rage {unknown}


   Skills:
 * Level 7.7 Fighting
 * Level 8.8 Axes
 + Level 6.8 Armour
 + Level 6.8 Shields
 + Level 5.3 Invocations


You had 8 spell levels left.
You didn't know any spells.
Your spell library was empty.

Dungeon Overview and Level Annotations

Branches:
Dungeon (8/15)             Temple (1/1) D:4            Lair (0/6) D:8
 Bailey (1/1)

Altars:
Ashenzari
Cheibriados
Dithmenos
Elyvilon
Fedhas
Hepliaklqana
Kikubaaqudgha
Makhleb
Nemelex Xobeh
Okawaru
Qazlal
Ru
Sif Muna
Trog
Uskayaw
Vehumet
Wu Jian
Yredelemnul

Annotations:
D:7 3 runed translucent doors, p0werm0de's ghost, novice MiFi


Innate Abilities, Weirdness & Mutations

You are resistant to damage.
You can heal yourself by infusing magical energy.
You passively map the area around you.
You do not regenerate.


Message History

The orc warrior hits you from afar with a +0 halberd. x2
The orc warrior hits you with a +0 glaive!!
You block the orc warrior's attack.
The orc warrior suddenly jeers.
Your shield and chain mail prevent you from hitting the orc warrior.
The orc warrior no longer looks unusually strong. x3
You block the orc warrior's attack.
The orc warrior hits you from afar with a +0 halberd!
The orc warrior jeers repeatedly.
The orc warrior hits you from afar with a +0 halberd!
You block the orc warrior's attack.
You barely miss the orc warrior.
The orc warrior hits you but does no damage.
You block the orc warrior's attack.
The orc warrior hits you from afar with a +0 halberd.
You slash the orc warrior!
The orc warrior is moderately wounded.
The orc no longer looks unusually strong.
The orc warrior hits you with a +0 glaive!!
You die...

### ###
*##∩###########.##
.*#.∩.##.....##...#
..#..(#..≈≈≈..#.o)#
≈.......≈≈o≈≈.#..)#
≈....(..≈.oo≈oo.@.#
≈.......≈≈o≈≈o#.o(#
..#...#..≈≈≈..#o..#
.##...##(.oo.##...#
# ##∩###########.##
## ###


You could see an orc knight, 7 orc warriors and 2 orcs.

Vanquished Creatures
  2 hippogriffs
  A wyvern (D:8)
  Duvessa (D:7)
  A black bear (D:7)
  3 sky beasts
  A necrophage (D:8)
  6 ogres
  3 centaurs
  A big kobold (D:7)
  4 bullfrogs
  Dowan (D:7)
  3 scorpions
  5 wights (D:8)
  A howler monkey (D:4)
  A jelly (D:6)
  A hound (D:5)
  3 orc priests
  A centaur skeleton (D:8)
  9 orc wizards
  Jessica (D:3)
  Natasha (D:3)
  7 iguanas
  3 worker ants
  A killer bee zombie (D:6)
  A hound zombie (D:7)
  2 hound skeletons
  A worker ant zombie (D:7)
  9 gnolls
  5 adders
  2 white imps
  2 ufetubi
  3 adder skeletons
  2 worms
  A leopard gecko (D:8)
  37 orcs
  4 giant cockroaches
  A hobgoblin (D:3)
  6 kobolds
  A quokka (D:4)
  4 bats
  3 frilled lizards
  A giant cockroach zombie (D:5)
  3 goblins
  2 jackal skeletons
  A leopard gecko skeleton (D:5)
  3 leopard gecko zombies
  A quokka zombie (D:5)
  2 rats (D:1)
158 creatures vanquished.

Vanquished Creatures (others)
  4 fungi (D:8)
  8 plants
12 creatures vanquished.

Grand Total: 170 creatures vanquished

Notes
Turn   | Place    | Note
-------+----------+-------------------------------------------
     0 | D:1      | Flugslaktarn the Deep Dwarf Fighter began the quest for the
                  | Orb.
     0 | D:1      | Reached XP level 1. HP: 20/20 MP: 1/1
   244 | D:2      | Reached XP level 2. HP: 27/27 MP: 2/2
   347 | D:2      | Reached XP level 3. HP: 19/34 MP: 3/3
   351 | D:2      | Reached skill level 3 in Axes
   401 | D:3      | Noticed Jessica
   404 | D:3      | Noticed Natasha
   407 | D:3      | Killed Jessica
   407 | D:3      | Reached XP level 4. HP: 37/42 MP: 3/3
   418 | D:3      | Killed Natasha
   566 | D:4      | Noticed an ogre
   574 | D:4      | Killed an ogre
   574 | D:4      | Reached XP level 5. HP: 18/50 MP: 4/4
   629 | D:4      | Reached skill level 4 in Axes
   630 | D:4      | Found a broken altar of Ashenzari.
   709 | D:4      | Found a staircase to the Ecumenical Temple.
   735 | D:4      | Reached XP level 6. HP: 57/57 MP: 4/4
   758 | Temple   | Entered the Ecumenical Temple
  1551 | D:5      | Entered Level 5 of the Dungeon
  1568 | D:5      | Reached skill level 5 in Axes
  1608 | D:5      | Reached XP level 7. HP: 39/66 MP: 5/5
  1638 | D:5      | Reached skill level 5 in Fighting
  1697 | D:5      | Reached skill level 5 in Armour
  1724 | D:5      | Reached skill level 5 in Shields
  1742 | D:5      | Found a burning altar of Makhleb.
  1751 | D:5      | Became a worshipper of Makhleb the Destroyer
  1792 | D:5      | Reached skill level 6 in Axes
  1936 | D:5      | Reached skill level 1 in Invocations
  2041 | D:6      | Reached XP level 8. HP: 63/75 MP: 5/5
  2221 | D:6      | Reached * piety under Makhleb
  2501 | D:6      | Reached skill level 7 in Axes
  2771 | D:7      | Noticed Dowan
  2772 | D:7      | Noticed Duvessa
  2781 | D:7      | Killed Duvessa
  2797 | D:7      | Killed Dowan
  2864 | D:7      | Reached ** piety under Makhleb
  2878 | D:7      | Gained mutation: You passively map the area around you.
                  | [Deep Dwarf growth]
  2878 | D:7      | Reached XP level 9. HP: 85/85 MP: 7/7
  2979 | D:7      | Found a runed translucent gate.
  2979 | D:7      | Found a runed translucent gate.
  2979 | D:7      | Found a runed translucent gate.
  2981 | D:7      | Noticed p0werm0de's ghost (novice MiFi)
  2982 | D:7      | Noticed a kobold demonologist
  3170 | D:7      | Found an ancient bone altar of Kikubaaqudgha.
  3171 | D:7      | Found a shimmering blue altar of Sif Muna.
  3294 | D:7      | Reached skill level 8 in Axes
  3643 | D:8      | Found a staircase to the Lair.
  3761 | D:8      | Reached skill level 5 in Invocations
  4079 | D:8      | Found a flagged portal.
  4098 | Bailey   | Entered a bailey
  4099 | Bailey   | Noticed an orc knight
  4119 | Bailey   | Slain by an orc warrior

Illustrated notes

Levels and vault maps discovered:
D:1:      shiori_arrival_elements, layout_basic
D:2:      layout_loops_ring, grunt_ministairs_7
D:3:      layout_rooms, gammafunk_temple_overflow_pools, dk_vineyard_3,
          uniq_natasha, uniq_jessica
D:4:      layout_loops_corners, ashenzari_altar_1,
          minmay_temple_entry_drinking_statues
D:5:      layout_gridville, bloody_makhleb, wad_rectangle_vault
D:6:      layout_basic
D:7:      layout_basic, gammafunk_temple_overflow_statue,
          gammafunk_ghost_nasty_kobolds, uniq_duvessa
D:8:      layout_loops_ring, dpeg_oklobed_lair, enter_bailey_2
Temple:   eino_narrow_crystal_temple
Bailey:   bailey_polearm_4, bailey

Skill      XL: |  1  2  3  4  5  6  7  8  9 |
---------------+----------------------------+-----
Fighting       | 3 4 5 6 7 |  7.7
Axes           | 3 4 5 6 7 8 |  8.8
Armour         | 4 5 6 |  6.8
Shields        | 4 5 6 |  6.8
Invocations    | 1 3 5 |  5.3

Action                   |  1- 3 |  4- 6 |  7- 9 || total
-------------------------+-------+-------+-------++-------
Melee: War axe           |    34 |   124 |   469 ||   627
 Abil: Heal Wounds       |     1 |     5 |    13 ||    19
  Use: Scroll            |       |     4 |     7 ||    11
Armor: Scale mail        |     2 |       |       ||     2
       Chain mail        |    17 |    58 |   268 ||   343
Dodge: Dodged            |     4 |    23 |   133 ||   160
Block: Kite shield       |    23 |    73 |   300 ||   396

Table legend: (Time is in decaauts)
 A = Elapsed time spent in this place.
 B = Non-inter-level travel time spent in this place.
 C = Inter-level travel time spent in this place.
 D = Time resting spent in this place.
 E = Time spent auto-exploring this place.
 F = Levels seen in this place.
 G = Mean time per level.
                   A        B        C        D        E       F      G
               +--------+--------+--------+--------+--------+-----+--------+
         Total |   4271 |   4065 |    206 |      0 |   2757 |  10 |  427.1 |
       Dungeon |   4047 |   3854 |    193 |      0 |   2569 |   8 |  505.9 |
        Temple |    202 |    189 |     13 |      0 |    188 |   1 |  202.0 |
        Bailey |     21 |     21 |      0 |      0 |      0 |   1 |   21.0 |
               +--------+--------+--------+--------+--------+-----+--------+

Top non-repeatable levels by time:
     D:7: 872 daAuts
     D:4: 853 daAuts
     D:6: 765 daAuts
     D:8: 507 daAuts
     D:5: 503 daAuts
     D:2: 274 daAuts
  Temple: 202 daAuts
     D:1: 169 daAuts
     D:3: 103 daAuts
  Bailey: 21 daAuts
